 Dungeon Crawl Stone Soup version 0.25.0-46-gbd7b0854d2 (webtiles) character file.

Game seed: 9068131706705634849

17678 Elvor the Fighter (level 12, -4/110 HPs)
             Began as a Minotaur Hunter on July 13, 2020.
             Was a High Priest of Okawaru.
             Slain by a titanic slime creature (89 damage)
             ... on level 12 of the Dungeon.
             The game lasted 02:28:00 (10172 turns).

Elvor the Fighter (Minotaur Hunter)                Turns: 10172, Time: 02:28:01

Health: -4/110     AC: 18    Str: 19    XL:     12   Next: 21%
Magic:  15/15      EV: 10    Int:  9    God:    Okawaru [*****.]
Gold:   700        SH:  0    Dex: 19    Spells: 13/13 levels left

rFire    . . .     SeeInvis .   a - +1 hand crossbow
rCold    . . .     Gourm    .   (no shield)
rNeg     . . .     Faith    .   K - +0 plate armour
rPois    .         Spirit   .   (helmet restricted)
rElec    .         Reflect  .   (no cloak)
rCorr    .         Harm     .   (no gloves)
MR       .....                  S - +0 pair of boots
Stlth    ..........             j - amulet of magic regeneration
HPRegen  0.28/turn              F - +4 ring of protection
MPRegen  0.39/turn              J - +6 ring of dexterity

@: no status effects
A: retaliatory headbutt, horns 2
a: Heroism, Finesse, Renounce Religion


You were on level 12 of the Dungeon.
You worshipped Okawaru.
Okawaru was extremely pleased with you.
You were not hungry.

You visited 2 branches of the dungeon, and saw 13 of its levels.
You also visited: Sewer and Ossuary.

You collected 788 gold pieces.
You spent 88 gold pieces at shops.

Inventory:

Hand Weapons
 a - a +1 hand crossbow (weapon)
 b - a +0 short sword
 y - a +1 hand axe of electrocution
 C - a +0 mace of draining
 E - a +0 war axe
 O - a +3 scimitar
Missiles
 G - 85 bolts (quivered)
Armour
 l - a +2 chain mail of magic resistance
 B - a +1 leather armour of fire resistance
 K - a +0 plate armour (worn)
 S - a +0 pair of boots (worn)
Magical Staves
 h - an uncursed staff of energy
 N - an uncursed staff of poison
Jewellery
 j - an amulet of magic regeneration (around neck)
 F - a +4 ring of protection (left hand)
 H - an uncursed amulet of the acrobat {unknown}
 J - a +6 ring of dexterity (right hand)
 P - an uncursed amulet of guardian spirit {unknown}
 R - an uncursed ring of positive energy
Wands
 p - a wand of random effects (61)
 s - a wand of polymorph (13)
 u - a wand of digging (3)
 L - a wand of acid (4)
Scrolls
 d - 2 scrolls of acquirement
 e - 2 scrolls of blinking
 i - 4 scrolls of fear
 k - 8 scrolls of remove curse
 n - 2 scrolls of enchant weapon
 r - 7 scrolls of teleportation
 v - 2 scrolls of fog
 M - a scroll of enchant armour
 Q - a scroll of vulnerability
Potions
 c - 2 potions of cancellation
 m - 5 potions of brilliance
 o - a potion of mutation
 q - 3 potions of magic
 t - 10 potions of haste
 w - a potion of flight
 x - 3 potions of might
 z - 6 potions of curing
 A - 3 potions of berserk rage
 D - 2 potions of lignification
 I - 2 potions of stabbing
Comestibles
 f - 23 rations
 g - 6 chunks of flesh


   Skills:
 * Level 11.4 Fighting
 + Level 6.6 Short Blades
 + Level 7.9(8.1) Axes
 + Level 2.5(5.6) Maces & Flails
 + Level 10.5 Crossbows
 + Level 2.0 Throwing
 * Level 7.3 Armour
 * Level 7.8 Dodging
 - Level 1.8 Stealth
 + Level 2.2 Unarmed Combat
 + Level 1.3 Spellcasting
 * Level 6.1 Invocations
 + Level 1.8 Evocations


You had 13 spell levels left.
You didn't know any spells.
Your spell library contained the following spells:

 Spells                   Type           Power        Failure   Level  Hunger
 Infusion                 Chrm           #...         100%        1    ##.....
 Shroud of Golubria       Chrm/Tloc      #.....       100%        2    ###....
 Song of Slaying          Chrm           #.......     100%        2    ###....
 Confusing Touch          Hex            #.......     100%        3    ####...
 Gell's Gravitas          Tloc           #.........   100%        3    ####...
 Ozocubu's Armour         Chrm/Ice       #.......     100%        3    ####...
 Spectral Weapon          Hex/Chrm       #.......     100%        3    ####...
 Petrify                  Tmut/Erth      #.......     100%        4    #####..
 Metabolic Englaciation   Hex/Ice        #.........   100%        5    ######.
 Yara's Violent Unravell  Hex/Tmut       #.........   100%        5    ######.


Dungeon Overview and Level Annotations

Branches:
Dungeon (12/15)            Temple (1/1) D:5            Lair (0/6) D:8
    Orc (0/2) D:11          Sewer (visited)         Ossuary (visited)

Altars:
Ashenzari
Cheibriados
Dithmenos
Elyvilon
Fedhas
Gozag
Hepliaklqana
Kikubaaqudgha
Makhleb
Nemelex Xobeh
Okawaru
Qazlal
Ru
Sif Muna
Trog
Uskayaw
Vehumet
Wu Jian
Xom
Yredelemnul
Zin
The Shining One

Shops:
D:6 [%?=

Annotations:
D:12 3 runed translucent doors, Enuarch's ghost, journeyman MiFi; Snorg; Tiunweta's ghost, journeyman DsBe


Innate Abilities, Weirdness & Mutations

You reflexively headbutt those who attack you in melee.
You have a pair of horns on your head.


Message History

Aim: a titanic slime creature (lightly wounded)
You shoot a bolt.
The bolt hits the titanic slime creature!
The titanic slime creature is lightly wounded.
Firing (i - inventory)
G - 87 bolts (quivered)
Press: ? - help, Shift-Dir - straight line, f/p - titanic slime creature
Aim: a titanic slime creature (lightly wounded)
You shoot a bolt.
The bolt hits the titanic slime creature but does no damage.
The titanic slime creature is lightly wounded.
Firing (i - inventory)
G - 86 bolts (quivered)
Press: ? - help, Shift-Dir - straight line, f/p - titanic slime creature
Aim: a titanic slime creature (lightly wounded)
You shoot a bolt.
The bolt barely misses the titanic slime creature.
The bolt barely misses the slime creature.
The bolt barely misses Snorg.
The titanic slime creature hits you!!!!
Ouch! That really hurt!
You die...

########## ### #........# ...?
#############........# .....
...............>.....# ###J.....
.############........####.'......
## #...@JJ(T..(.(#..JJ..
#........###### ..... #........#
T... ###.###### ... #..# ## ##.#
#.# ##'##### ######## #......#


You could see Snorg, a titanic slime creature and a slime creature.

Vanquished Creatures
  A hydra (D:12)
  An orange crystal statue (D:11)
  An ugly thing (D:11)
  A manticore (D:12)
  A troll (D:12)
  2 hippogriffs
  A slime creature (D:11)
  12 yaks
  A water elemental (D:11)
  3 vampire mosquitoes (D:12)
  Menkaure (D:4)
  A soldier ant (D:11)
  Edmund (D:5)
  A water moccasin (D:7)
  Duvessa (D:5)
  5 orc warriors
  An ice beast (D:6)
  3 porcupines (D:8)
  3 sky beasts
  2 black bears (D:8)
  3 phantoms
  5 ogres
  7 centaurs
  A crocodile (D:8)
  2 elf zombies (D:5)
  2 big kobolds
  8 bullfrogs
  An elf skeleton (D:5)
  Dowan (D:5)
  4 scorpions
  3 killer bees (D:9)
  5 wights (D:11)
  An electric eel (D:11)
  3 howler monkeys (D:7)
  5 crimson imps
  6 centaur zombies
  4 jellies
  5 hounds
  A human zombie (D:5)
  14 mummies (Ossuary)
  2 bullfrog zombies
  A bullfrog skeleton (D:4)
  7 orc priests
  12 orc wizards
  Jessica (D:2)
  An iguana (D:10)
  Natasha (thrice) (D:2)
  4 worker ants
  A hound zombie (Ossuary)
  3 hound skeletons
  2 worker ant zombies
  A howler monkey zombie (Ossuary)
  7 adders
  3 river rats
  2 shadow imps
  10 oozes
  2 adder zombies
  7 worms
  A dart slug (D:4)
  6 leopard geckos
  27 orcs
  3 giant cockroaches
  5 goblins
  11 hobgoblins
  28 jackals
  3 quokkas
  6 ball pythons
  8 bats
  8 frilled lizards
  A jackal zombie (Ossuary)
  11 kobolds
  A leopard gecko zombie (Ossuary)
  2 orc skeletons (D:5)
  7 rats
  4 fungi (D:8)
  A plant (D:8)
326 creatures vanquished.

Vanquished Creatures (others)
  An orc wizard (D:10)
  4 fungi (D:8)
  A plant (D:8)
  A withered plant (Ossuary)
7 creatures vanquished.

Grand Total: 333 creatures vanquished

Notes
Turn   | Place    | Note
-------+----------+-------------------------------------------
     0 | D:1      | Elvor the Minotaur Hunter began the quest for the Orb.
     0 | D:1      | Reached XP level 1. HP: 18/18 MP: 0/0
   157 | D:1      | Reached XP level 2. HP: 25/25 MP: 1/1
   269 | D:1      | Reached skill level 5 in Crossbows
   706 | D:2      | Reached XP level 3. HP: 16/30 MP: 2/2
   814 | D:2      | Noticed Jessica
   820 | D:2      | Reached XP level 4. HP: 28/37 MP: 3/3
   826 | D:2      | Killed Jessica
   826 | D:2      | Reached skill level 3 in Fighting
   826 | D:2      | Reached skill level 1 in Armour
   860 | D:2      | Found a burning altar of Makhleb.
  1005 | D:2      | Found an iron altar of Okawaru.
  1006 | D:2      | Found an ancient bone altar of Kikubaaqudgha.
  1129 | D:2      | Noticed Natasha
  1134 | D:2      | Killed Natasha
  1134 | D:2      | Reached XP level 5. HP: 39/45 MP: 4/4
  1135 | D:2      | Found a radiant altar of Vehumet.
  1144 | D:2      | Reached skill level 1 in Short Blades
  1220 | D:2      | Noticed Natasha
  1227 | D:2      | Killed Natasha
  1255 | D:2      | Noticed Natasha
  1262 | D:2      | Killed Natasha
  1349 | D:2      | Became a worshipper of Warmaster Okawaru
  2352 | D:4      | Reached XP level 6. HP: 29/52 MP: 5/5
  2356 | D:4      | Found a glowing drain.
  2380 | Sewer    | Entered a sewer
  2562 | Sewer    | Reached skill level 4 in Fighting
  2772 | D:4      | Reached skill level 1 in Stealth
  2782 | D:4      | Reached * piety under Okawaru
  2788 | D:4      | Noticed an air elemental
  2792 | D:4      | Found a stormy altar of Qazlal.
  2793 | D:4      | Noticed Menkaure
  2803 | D:4      | Killed Menkaure
  2803 | D:4      | Reached XP level 7. HP: 31/59 MP: 6/6
  2812 | D:4      | Noticed a fire elemental
  2812 | D:4      | Noticed a water elemental
  3179 | D:5      | Entered Level 5 of the Dungeon
  3190 | D:5      | Noticed Duvessa
  3190 | D:5      | Noticed Dowan
  3210 | D:5      | Killed Duvessa
  3225 | D:5      | Killed Dowan
  3241 | D:5      | Reached ** piety under Okawaru
  3262 | D:5      | Reached skill level 5 in Fighting
  3317 | D:5      | Reached XP level 8. HP: 25/68 MP: 4/7
  3495 | D:5      | Found a staircase to the Ecumenical Temple.
  3518 | D:5      | Found a snail-covered altar of Cheibriados.
  3529 | D:5      | Noticed Edmund
  3548 | D:5      | Killed Edmund
  3763 | D:5      | Found a sand-covered staircase.
  3770 | Ossuary  | Entered an ossuary
  3781 | Ossuary  | Reached skill level 6 in Fighting
  3781 | Ossuary  | Reached skill level 5 in Short Blades
  3830 | Ossuary  | Reached *** piety under Okawaru
  3997 | Ossuary  | Reached XP level 9. HP: 17/78 MP: 8/8
  4208 | Temple   | Entered the Ecumenical Temple
  4625 | D:6      | Found a shimmering altar of Xom.
  4648 | D:6      | Found Zoeq's Magic Scroll Shoppe.
  4819 | D:6      | Found Jemnuhea's Jewellery Boutique.
  4912 | D:6      | Bought a scroll of identify for 22 gold pieces
  4912 | D:6      | Bought a scroll of identify for 22 gold pieces
  4912 | D:6      | Bought a scroll of identify for 22 gold pieces
  4912 | D:6      | Bought a scroll of identify for 22 gold pieces
  4933 | D:6      | Reached skill level 1 in Invocations
  4972 | D:6      | Found Viosa's Food Shop.
  5192 | D:6      | Found Waovva's Armour Boutique.
  5506 | D:6      | Reached skill level 7 in Fighting
  5758 | D:7      | Reached **** piety under Okawaru
  5758 | D:7      | Reached skill level 1 in Axes
  6092 | D:7      | Reached skill level 5 in Armour
  6240 | D:8      | Received a gift from Okawaru
  6240 | D:8      | Reached skill level 8 in Fighting
  6292 | D:8      | Reached skill level 5 in Dodging
  6316 | D:8      | Found a staircase to the Lair.
  6319 | D:8      | Reached XP level 10. HP: 78/88 MP: 11/11
  6591 | D:8      | Found a shattered altar of Ashenzari.
  6843 | D:8      | Identified a scroll of acquirement
  7232 | D:9      | Reached skill level 5 in Axes
  7240 | D:9      | Reached skill level 10 in Crossbows
  7250 | D:9      | Reached skill level 9 in Fighting
  7828 | D:9      | Reached skill level 10 in Fighting
  7828 | D:9      | Reached skill level 1 in Spellcasting
  7828 | D:9      | Reached skill level 5 in Invocations
  7828 | D:9      | Reached skill level 1 in Evocations
  7828 | D:9      | Reached XP level 11. HP: 99/99 MP: 13/13
  7830 | D:10     | Entered Level 10 of the Dungeon
  8222 | D:10     | Received a gift from Okawaru
  8432 | D:10     | Reached ***** piety under Okawaru
  8733 | D:11     | Found a runed translucent door.
  8845 | D:11     | Noticed a purple ugly thing
  8855 | D:11     | Killed a purple ugly thing
  8855 | D:11     | Received a gift from Okawaru
  8866 | D:11     | Found a runed translucent door.
  8904 | D:11     | Found a runed translucent door.
  8915 | D:11     | Found a runed translucent door.
  8934 | D:11     | Noticed an orange crystal statue
  9286 | D:11     | Found a staircase to the Orcish Mines.
  9457 | D:11     | Reached skill level 11 in Fighting
  9508 | D:11     | Reached XP level 12. HP: 20/110 MP: 15/15
  9960 | D:12     | Found a runed translucent gate.
  9967 | D:12     | Found a runed translucent gate.
  9967 | D:12     | Found a runed translucent gate.
  9973 | D:12     | Noticed Enuarch's ghost (journeyman MiFi)
  9973 | D:12     | Noticed Tiunweta's ghost (journeyman DsBe)
 10124 | D:12     | Noticed a five-headed hydra
 10132 | D:12     | Killed a five-headed hydra
 10132 | D:12     | Received a gift from Okawaru
 10157 | D:12     | Noticed Snorg
 10172 | D:12     | Slain by a titanic slime creature

Illustrated notes

Levels and vault maps discovered:
D:1:      erik_arrival_triangle_medium, layout_basic
D:2:      layout_rooms, lemuel_doored_altar, gammafunk_temple_overflow_statue,
          makhleb_heckhound_becter, uniq_jessica, uniq_natasha
D:3:      layout_basic, first_ration
D:4:      layout_layer_cave, nicolae_qazlal_style_of_elements,
          portal_sewer_entry_a, uniq_menkaure
D:5:      layout_cave_pools, lemuel_crystal_altar, minmay_temple_entry_wispy,
          nicolae_ossuary_entry_catacombs, kennysheep_decorative_pillar,
          uniq_duvessa, uniq_edmund
D:6:      layout_loops_corners, xom_teletrap_fun, serial_shops, shop,
          kennysheep_mini_moat, kennysheep_mini, shop_statue
D:7:      layout_basic
D:8:      layout_basic, cheibrodos_ashenzari_chains, due_lair_maze_entry_diamond
D:9:      layout_basic
D:10:     layout_loops_ring
D:11:     layout_basic, orc_0_dummy, hangedman_little_slice_of_home,
          minmay_statue_crystal_thing
D:12:     layout_roguey, gammafunk_ghost_cemetery,
          eino_small_chamber_without_monster, grunt_decor_cap, uniq_snorg
Temple:   regret_index_temple_generic_petals

Skill      XL: |  1  2  3  4  5  6  7  8  9 10 11 12 |
---------------+-------------------------------------+-----
Crossbows      | 5 6 7 8 9 10 | 10.5
Fighting       | 3 4 5 6 8 10 11 | 11.4
Armour         | 1 2 3 4 5 6 7 |  7.3
Dodging        | 3 5 7 |  7.8
Short Blades   | 2 3 5 6 |  6.6
Stealth        | 1 |  1.8
Invocations    | 3 5 6 |  6.1
Axes           | 4 6 7 |  7.9
Maces & Flails | 2 |  2.5
Throwing       | 2 |  2.0
Unarmed Combat | 2 |  2.2
Spellcasting   | 1 |  1.3
Evocations     | 1 |  1.8

Action                   |  1- 3 |  4- 6 |  7- 9 | 10-12 || total
-------------------------+-------+-------+-------+-------++-------
Melee: Hand crossbow     |     3 |       |       |       ||     3
       Short sword       |    33 |    49 |   216 |       ||   298
       Headbutt          |     3 |     4 |    65 |   101 ||   173
       Unarmed           |       |     2 |       |       ||     2
       Punch             |       |       |     4 |     9 ||    13
       Hand axe          |       |       |   102 |   337 ||   439
       Scimitar          |       |       |       |     2 ||     2
 Fire: Hand crossbow     |    27 |   145 |   154 |   164 ||   490
Invok: Heroism           |       |       |     6 |     5 ||    11
       Finesse           |       |       |       |     1 ||     1
Evoke: Wand              |       |       |       |     6 ||     6
  Use: Scroll            |       |     4 |    12 |     9 ||    25
       Potion            |       |       |     3 |     7 ||    10
 Stab: Confused          |       |     1 |       |       ||     1
       Sleeping          |       |       |     1 |     3 ||     4
  Eat: Chunk             |       |     6 |     4 |     6 ||    16
       Ration            |       |       |     3 |     1 ||     4
Armor: Leather armour    |     9 |     6 |    54 |    68 ||   137
       Chain mail        |       |     5 |     2 |       ||     7
       Plate armour      |       |       |       |    30 ||    30
Dodge: Dodged            |    34 |    31 |   173 |   287 ||   525
